 Dungeon Sprint DCSS version 0.28-a0-973-ga7f8b01127 (webtiles) character file.

Game seed: 11558062640681486487

15850 tatocazan the Warrior (level 12, -3/127 HPs)
             Began as a Minotaur Fighter on Dec 1, 2021.
             Was the Champion of the Shining One.
             Succumbed to a green ugly thing's poison
             ... in the Dungeon (Sprint IX: "|||||||||||||||||||||||||||||").
             The game lasted 00:06:11 (3139 turns).

tatocazan the Warrior (Minotaur Fighter)            Turns: 3139, Time: 00:06:11

Health: -3/127     AC: 32    Str: 25    XL:     12   Next: 4%
Magic:  9/17       EV: 14    Int:  5    God:    the Shining One [******]
Gold:   1699       SH:  0    Dex: 14    Spells: 11/11 levels left

rFire   . . .      SeeInvis .   l - +2 halberd (protect)
rCold   . . .      Faith    .   (shield currently unavailable)
rNeg    + + +      Spirit   .   E - +3 chain mail
rPois   .          Reflect  .   (helmet restricted)
rElec   .          Harm     .   w - +0 cloak
rCorr   .          Rampage  .   c - +1 pair of gloves {Dex+3}
Will    .....      NoTele   +   b - +0 pair of boots
Stlth   ..........              (no amulet)
HPRegen 0.31/turn               n - +2 ring of evasion
MPRegen 0.15/turn               o - +2 ring of protection

@: lethally poisoned (-3 -> -43), under a protective aura, on berserk cooldown,
slowed, glowing, very slow
A: horns 2, retaliatory headbutt
a: Renounce Religion, Divine Shield, Cleansing Flame, Summon Divine Warrior,
Brand Weapon With Holy Wrath


You were in the Dungeon.
You worshipped the Shining One.
The Shining One was exalted by your worship.
You visited 1 branch You collected 1916 gold pieces.
You spent 217 gold pieces at shops.

Inventory:

Hand Weapons
 l - a +2 halberd of protection (weapon)
 m - a +4 quarterstaff of speed
 C - a +1 glaive
Missiles
 x - 3 throwing nets (quivered)
Armour
 b - a +0 pair of boots (worn)
 c - a +1 pair of gloves of dexterity (worn)
 d - a +0 plate armour
 w - a +0 cloak (worn)
 D - a +1 tower shield
 E - a +3 chain mail (worn)
 F - a +1 tower shield of positive energy
Jewellery
 n - a +2 ring of evasion (left hand)
 o - a +2 ring of protection (right hand)
 y - a ring of ice
 z - a ring of protection from fire
 A - a ring of protection from fire
 B - a ring of resist corrosion
Wands
 k - a wand of iceblast (10)
 q - a wand of acid (20)
Scrolls
 i - 2 scrolls of amnesia
 j - a scroll of blinking
 r - 6 scrolls of enchant weapon
 t - 2 scrolls of fog
 u - 2 scrolls of enchant armour
 v - 3 scrolls of fear
Potions
 e - 8 potions of curing
 f - 7 potions of heal wounds
 g - 2 potions of haste
 h - 4 potions of magic
 p - 2 potions of brilliance
 s - a potion of mutation


   Skills:
 + Level 17.9 Fighting
 - Level 17.0 Polearms
 + Level 17.9 Armour
 + Level 6.6 Dodging
 + Level 17.8 Shields
 * Level 8.8 Invocations


You had 11 spell levels left.
You didn't know any spells.
Your spell library was empty.

Dungeon Overview and Level Annotations

Branches:
Dungeon (1/1)

Altars:
Cheibriados
Dithmenos
Elyvilon
Fedhas
Gozag
Hepliaklqana
Kikubaaqudgha
Makhleb
Nemelex Xobeh
Okawaru
Qazlal
Ru
Sif Muna
Trog
Uskayaw
Vehumet
Wu Jian
Xom
Yredelemnul
Zin
The Shining One
Beogh
Jiyva
Lugonu

Shops:
D *![*


Innate Abilities, Weirdness & Mutations

You have a pair of horns on your head.
You reflexively headbutt those who attack you in melee.


Message History

You hit the boulder beetle. You headbutt the boulder beetle.
The boulder beetle is moderately wounded.
The boulder beetle hits you!
* * * LOW HITPOINT WARNING * * *
The boulder beetle stops rolling and uncurls.
You take 11 damage, and have 20/177 hp.
You hit the boulder beetle but do no damage.
The boulder beetle is lightly wounded.
You hit the boulder beetle. You headbutt the boulder beetle!
The boulder beetle is moderately wounded.
The boulder beetle closely misses you.
You puncture the boulder beetle!
The boulder beetle is heavily wounded.
You open the boulder beetle like a pillowcase!!!
You kill the boulder beetle!
You have reached level 12!
You feel agile.
You regained 2 hp, and now have 22/190 hp.
MP restored: 17 You impale the green ugly thing!!
You headbutt the green ugly thing!
The green ugly thing is moderately wounded.
You barely miss the green ugly thing.
The green ugly thing is moderately wounded.
The green ugly thing engulfs you but does no damage.
You slash the green ugly thing!
The green ugly thing is heavily wounded.
You are no longer berserk.
You are exhausted.
You feel yourself slow down.
You now have 15/127 hp.
You are momentarily dazzled by a brilliant light.
The green ugly thing engulfs you but does no damage.
A slime creature comes into view.
The green ugly thing engulfs you.
* * * LOW HITPOINT WARNING * * *
You are lethally poisoned!
The green ugly thing poisons you!
The slime creature moves out of view.
You take 6 damage, and have 9/127 hp.
You now have 9/17 mp.
You swap places.
You die...

..'.[()........†........÷'÷......
▓▓▓▓▓▓▓▓▓▓▓▓▓▓▓▓▓▓▓▓▓▓▓▓▓▓▓▓▓▓▓▓▓
.................................
▓▓▓▓▓▓▓▓▓▓▓▓▓▓▓▓▓▓▓▓▓▓▓▓▓▓▓▓▓▓▓▓▓
....∩.∩.∩.∩)...))...........))...
▓▓▓▓▓▓▓▓▓▓▓▓▓▓▓▓▓▓▓▓▓▓▓▓▓▓▓▓▓▓▓▓▓
................)................
▓▓▓▓▓▓▓▓▓▓▓▓▓▓▓▓▓▓▓▓▓▓▓▓▓▓▓▓▓▓▓▓▓
.Q°°RDuA@........[[[[..[.
▓▓▓▓▓▓▓▓▓▓▓▓▓▓▓▓▓▓▓▓▓▓▓▓▓


You could see a four-headed hydra, a green ugly thing (ally target), an efreet,
a tengu conjurer and a friendly angel (summoned).

Vanquished Creatures
  Harold (D)
  A boulder beetle (D)
  A catoblepas (D)
  2 death knights (D)
  2 two-headed ogres (D)
  Sonja (D)
  An orc high priest (D)
  6 orc knights (D)
  A deep elf pyromancer (D)
  A manticore (D)
  An elephant (D)
  2 black mambas (D)
  An unseen horror (D)
  3 komodo dragons (D)
  A troll (D)
  A polar bear (D)
  A vampire (D)
  4 yaks (D)
  A vampire mosquito (D)
  A warg (D)
  A water moccasin (D)
  2 hell hounds (D)
  17 orc warriors (D)
  5 wolves (D)
  A centaur (D)
  7 bullfrogs (D)
  A scorpion (D)
  4 orc priests (D)
  3 orc wizards (D)
  A white imp (D)
  A worm (D)
  7 orcs (D)
  2 ball pythons (D)
  A giant cockroach (D)
  A hobgoblin (D)
  A giant cockroach zombie (D)
  A kobold (D)
89 creatures vanquished.

Vanquished Creatures (collateral kills)
  2 orc knights (D)
2 creatures vanquished.

Grand Total: 91 creatures vanquished

Notes
Turn   | Place    | Note
-------+----------+-------------------------------------------
     0 | D        | tatocazan the Minotaur Fighter began the quest for the Orb.
     0 | D        | Reached XP level 1. HP: 19/19 MP: 0/0
    16 | D        | Noticed a centaur
    16 | D        | Noticed a scorpion
    16 | D        | Noticed a water moccasin
    24 | D        | Reached XP level 2. HP: 26/28 MP: 1/1
    26 | D        | Killed a water moccasin
    27 | D        | Reached XP level 3. HP: 29/38 MP: 2/2
    27 | D        | Reached XP level 4. HP: 34/45 MP: 3/3
    31 | D        | Killed a scorpion
    32 | D        | Reached XP level 5. HP: 25/52 MP: 4/4
    36 | D        | Killed a centaur
   386 | D        | Found a snail-covered altar of Cheibriados.
   386 | D        | Found a shadowy altar of Dithmenos.
   386 | D        | Found a white marble altar of Elyvilon.
   386 | D        | Found a blossoming altar of Fedhas.
   386 | D        | Found an opulent altar of Gozag.
   387 | D        | Found a hazy altar of Hepliaklqana.
   388 | D        | Found a viscous altar of Jiyva.
   389 | D        | Found an ancient bone altar of Kikubaaqudgha.
   390 | D        | Found a corrupted altar of Lugonu.
   391 | D        | Found a burning altar of Makhleb.
   392 | D        | Found a sparkling altar of Nemelex Xobeh.
   393 | D        | Found an iron altar of Okawaru.
   394 | D        | Found a stormy altar of Qazlal.
   395 | D        | Found a sacrificial altar of Ru.
   396 | D        | Found a shimmering blue altar of Sif Muna.
   397 | D        | Found a bloodstained altar of Trog.
   398 | D        | Found a hide-covered altar of Uskayaw.
   399 | D        | Found a radiant altar of Vehumet.
   400 | D        | Found an ornate altar of the Wu Jian Council.
   401 | D        | Found a shimmering altar of Xom.
   402 | D        | Found a basalt altar of Yredelemnul.
   403 | D        | Found a glowing silver altar of Zin.
   404 | D        | Found a glowing golden altar of the Shining One.
   412 | D        | Became a worshipper of the Shining One
   467 | D        | Noticed a two-headed ogre
   467 | D        | Noticed an orc warrior
   467 | D        | Noticed a vampire
   467 | D        | Reached * piety under the Shining One
   467 | D        | Noticed an orc warrior
   467 | D        | Noticed an unseen horror
   467 | D        | Reached ** piety under the Shining One
   472 | D        | Killed an unseen horror
   473 | D        | Reached XP level 6. HP: 64/66 MP: 5/5
   477 | D        | Killed an orc warrior
   478 | D        | Reached skill level 10 in Fighting
   478 | D        | Reached skill level 10 in Armour
   478 | D        | Reached skill level 10 in Shields
   478 | D        | Reached XP level 7. HP: 64/72 MP: 6/6
   479 | D        | Killed a vampire
   480 | D        | Reached skill level 10 in Polearms
   482 | D        | Killed a two-headed ogre
   483 | D        | Reached XP level 8. HP: 73/83 MP: 7/7
   509 | D        | Noticed a two-headed ogre
   509 | D        | Noticed a troll
   509 | D        | Noticed a manticore
   509 | D        | Reached *** piety under the Shining One
   509 | D        | Noticed a deep elf pyromancer
   509 | D        | Noticed a catoblepas
   524 | D        | Killed a catoblepas
   525 | D        | Reached XP level 9. HP: 63/92 MP: 8/8
   528 | D        | Reached **** piety under the Shining One
   531 | D        | Killed a manticore
   533 | D        | Killed a deep elf pyromancer
   536 | D        | Killed a troll
   540 | D        | Killed a two-headed ogre
   918 | D        | Noticed a komodo dragon
   918 | D        | Noticed a komodo dragon
   920 | D        | Noticed a komodo dragon
   924 | D        | Reached XP level 10. HP: 104/104 MP: 9/9
   928 | D        | Noticed a black mamba
   928 | D        | Reached ***** piety under the Shining One
   944 | D        | Reached skill level 15 in Fighting
   944 | D        | Reached skill level 15 in Armour
   944 | D        | Reached skill level 15 in Shields
   948 | D        | Killed a black mamba
   949 | D        | Reached skill level 15 in Polearms
   958 | D        | Noticed an elephant
   962 | D        | Noticed a black mamba
   975 | D        | Killed an elephant
   980 | D        | Killed a black mamba
  1372 | D        | Reached ****** piety under the Shining One
  1770 | D        | Noticed an orc knight
  1770 | D        | Noticed an orc knight
  1774 | D        | Killed an orc knight
  1775 | D        | Reached XP level 11. HP: 112/115 MP: 10/10
  1781 | D        | Noticed an orc high priest
  1782 | D        | Killed an orc knight
  1788 | D        | Reached skill level 1 in Invocations
  1790 | D        | Reached skill level 1 in Dodging
  1793 | D        | Noticed an orc knight
  1805 | D        | Killed an orc high priest
  1821 | D        | Killed an orc knight
  2058 | D        | Found Asiz's Assorted Antiques.
  2061 | D        | Noticed an orc knight
  2082 | D        | Killed an orc knight
  2083 | D        | Reached skill level 5 in Invocations
  2083 | D        | Noticed an orc knight
  2088 | D        | Found Unoamn's Antique Armour Shop.
  2090 | D        | Found Liatwaf's Distillery.
  2098 | D        | Killed an orc knight
  2102 | D        | Found Emanafie's General Store.
  2299 | D        | Noticed an orc knight
  2300 | D        | Noticed an orc knight
  2301 | D        | Noticed an orc knight
  2312 | D        | Killed an orc knight
  2318 | D        | Killed an orc knight
  2326 | D        | Killed an orc knight
  2327 | D        | Reached skill level 5 in Dodging
  2580 | D        | Bought a pair of glowing gloves for 217 gold pieces
  2668 | D        | Noticed Sonja
  2676 | D        | Killed Sonja
  2986 | D        | Noticed Harold
  2997 | D        | Killed Harold
  3108 | D        | Noticed a four-headed hydra
  3108 | D        | Noticed a green ugly thing
  3108 | D        | Noticed a boulder beetle
  3108 | D        | Noticed a death knight
  3108 | D        | Noticed a death knight
  3121 | D        | Killed a death knight
  3127 | D        | Killed a death knight
  3134 | D        | Killed a boulder beetle
  3135 | D        | Reached XP level 12. HP: 22/127 MP: 17/17
  3139 | D        | Succumbed to a green ugly thing's poison

Illustrated notes

Levels and vault maps discovered:
D:        linesprint [early_d, line_temple, items_1, d_10, items_2, lair_1,
          lair_end, items_3, orc_1, orc_end, items_4, d_15, swamp_1, shoals_1,
          snake_1, spider_1, d_20, vaults_1, items_5, swamp_end, shoals_end,
          snake_end, spider_end, vaults_end, d_27, items_6, zot_1, zot_end,
          crypt_end, forest_end, elf_end, slime_end, tomb_end, abyss_end,
          pan_hell_end]

Skill      XL: |  1  2  3  4  5  6  7  8  9 10 11 |
---------------+----------------------------------+-----
Fighting       | 4 6 7 9 10 11 12 14 16 17 | 17.9
Polearms       | 3 6 9 11 12 14 16 17 | 17.0
Armour         | 4 6 7 9 10 11 12 14 16 17 | 17.9
Shields        | 4 6 7 9 10 11 12 14 16 17 | 17.8
Invocations    | 8 |  8.8
Dodging        | 6 |  6.6

Action                   |  1- 3 |  4- 6 |  7- 9 | 10-12 || total
-------------------------+-------+-------+-------+-------++-------
Melee: Trident           |    15 |     9 |       |       ||    24
       Headbutt          |     1 |     5 |     6 |    31 ||    43
       Halberd           |       |     7 |    33 |   245 ||   285
Invok: Summon Divine War |       |       |       |     2 ||     2
  Use: Potion            |     1 |     2 |       |     1 ||     4
       Scroll            |       |       |     1 |       ||     1
Armor: Scale mail        |     4 |    10 |     3 |       ||    17
       Plate armour      |       |       |    18 |    64 ||    82
       Chain mail        |       |       |       |     4 ||     4
Dodge: Dodged            |     1 |    14 |    12 |    47 ||    74
Block: Buckler           |       |     3 |       |       ||     3

Table legend: (Time is in decaauts)
 A = Elapsed time spent in this place.
 B = Non-inter-level travel time spent in this place.
 C = Inter-level travel time spent in this place.
 D = Time resting spent in this place.
 E = Time spent auto-exploring this place.
 F = Levels seen in this place.
 G = Mean time per level.
                   A        B        C        D        E       F      G
               +--------+--------+--------+--------+--------+-----+--------+
         Total |   3063 |   2971 |     92 |   1855 |    509 |   1 | 3063.0 |
       Dungeon |   3063 |   2971 |     92 |   1855 |    509 |   1 | 3063.0 |
               +--------+--------+--------+--------+--------+-----+--------+

Top non-repeatable levels by time:
       D: 3063 daAuts
